 Dungeon Crawl Stone Soup version 0.29.1-15-g9cfb28693d (webtiles) character file.

Game seed: 12029141031660745836

250205 javelincjr the Warrior (level 20, -6/157 HPs)
             Began as a Djinni Conjurer on Mar 15, 2023.
             Was the Champion of Makhleb.
             Shot with an arrow by a deep elf archer (10 damage)
             ... on level 2 of the Elven Halls on Mar 16, 2023.
             The game lasted 04:38:26 (34967 turns).

javelincjr the Warrior (Djinni Conjurer)           Turns: 34967, Time: 04:38:26

Health: -6/157     AC: 15    Str: 10    XL:     20   Next: 41%
Gold:   2646       EV: 18    Int: 33    God:    Makhleb [******] SH:  5 Dex: 15

rFire   + . .      SeeInvis +   j - +6 arbalest "Damnation" {damnation}
rCold   + . .      Faith    .   (shield currently unavailable)
rNeg    . . .      Spirit   .   C - +2 troll leather armour
rPois   ∞          Reflect  +   e - +1 helmet of the Black Moon {Int+9 Stlth-}
rElec   .          Harm     .   K - +2 cloak {rPois}
rCorr   .          Rampage  +   E - +1 pair of gloves of Courage {Will++}
Will    ++++.                   (boots unavailable)
Stlth   +++.......              G - amulet "Dudonag" {Reflect Rampage Int+2 SH+5 SInv}
HPRegen 1.96/turn               f - ring of protection from cold
MPRegen 0.00/turn               V - ring of ice

@: death channelling, flying, studying Armour
A: sickness immunity, fire resistance 2, cold vulnerability 1, float, innate
caster, HP casting, extra vitality 1, regeneration 1
}: 2/15 runes: decaying, serpentine
a: Renounce Religion, Minor Destruction, Lesser Servant of Makhleb, Major
Destruction, Greater Servant of Makhleb


You were on level 2 of the Elven Halls.
You worshipped Makhleb.
Makhleb was exalted by your worship.
You visited 7 branches of the dungeon, and saw 33 of its levels.
You also visited: Bailey, Ice Cave and Volcano.

You collected 3963 gold pieces.
You spent 1317 gold pieces at shops.

Inventory:

Hand Weapons
 j - the +6 arbalest "Damnation" (weapon) {damnation}
   (You found it on level 1 of the Snake Pit)

   Any ammunition fired from it explodes in a burst of damnation on striking a
   foe, dealing damage which bypasses armour.
Armour
 e - the +1 helmet of the Black Moon (worn) {Int+9 Stlth-}
   (You acquired it in the Ecumenical Temple)

   Int:       It affects your intelligence (+9).
   Stlth:     It makes you less stealthy.
 l - a +1 kite shield of protection
 p - the +0 helmet of Inevitability {rCorr Str-5 Stlth+}
   (You bought it in a shop on level 3 of the Snake Pit)

   Str:       It affects your strength (-5).
   rCorr:     It protects you from acid and corrosion.
   Stlth:     It makes you more stealthy.
 w - a +1 tower shield of protection
 z - a +2 tower shield of reflection
 C - a +2 troll leather armour (worn)
 E - the +1 pair of gloves of Courage (worn) {Will++}
   (You bought it in a shop on level 4 of the Snake Pit)

   Will:      It greatly increases your willpower.
 K - a +2 cloak of poison resistance (worn)
 M - a +0 tower shield
 X - a +0 pair of gloves of hurling
Magical Staves
 Q - a staff of conjuration
Jewellery
 f - a ring of protection from cold (left hand)
 G - the amulet "Dudonag" (around neck) {Reflect Rampage Int+2 SH+5 SInv}
   (You acquired it on level 2 of the Orcish Mines)

   [amulet of reflection]

   It reflects blocked missile attacks.
   Int:       It affects your intelligence (+2).
   SInv:      It lets you see invisible.
   SH:        It affects your SH (+5).
   Rampage:   It bestows one free step when moving towards enemies.
 V - a ring of ice (right hand)
Wands
 a - a wand of light (6)
 q - a wand of flame (82)
 r - a wand of iceblast (28)
 u - a wand of polymorph (22)
 D - a wand of mindburst (31)
 O - a wand of charming (26)
 T - a wand of digging (19)
Scrolls
 b - a scroll of enchant weapon
 g - 7 scrolls of butterflies
 h - 4 scrolls of blinking
 i - 2 scrolls of magic mapping
 n - 13 scrolls of teleportation
 y - a scroll of poison
 B - 11 scrolls of identify
 U - a scroll of brand weapon
 W - 4 scrolls of fear
Potions
 c - 4 potions of resistance
 d - 7 potions of brilliance
 k - a potion of berserk rage
 m - a potion of haste
 o - 6 potions of heal wounds
 s - 6 potions of might
 v - 2 potions of ambrosia
 A - 10 potions of curing
 I - 2 potions of cancellation
 J - 4 potions of lignification
 L - 5 potions of invisibility
Miscellaneous
 t - a condenser vane
 x - a lightning rod (4/4)
 R - a phantom mirror


   Skills:
 * Level 17.7 Fighting
 - Level 6.0 Staves
 * Level 5.7 Ranged Weapons
 - Level 9.1 Armour
 + Level 14.0 Dodging
 + Level 10.2 Stealth
 - Level 7.4 Shields
 * Level 16.0 Spellcasting
 + Level 14.9 Invocations


You couldn't memorise any spells.
You knew the following spells:

 Your Spells              Type           Power      Damage    Failure   Level
a - Magic Dart            Conj           100%       1d8       0%          1
b - Searing Ray           Conj           100%       2d8       0%          2
c - Dazzling Flash        Conj/Hex       100%       N/A       0%          3
d - Fulminant Prism       Conj/Hex       46%        3d21      1%          4
e - Iskenderun's Mystic   Conj/Tloc      93%        2d18      1%          4
f - Beastly Appendage     Tmut           100%       N/A       0%          1
g - Poisonous Vapours     Pois/Air       100%       N/A       0%          2
h - Passwall              Tmut/Erth      77%        N/A       0%          2
i - Swiftness             Air            93%        N/A       0%          3
j - Blade Hands           Tmut           46%        N/A       1%          5
k - Alistair's Intoxicat  Tmut/Pois      62%        N/A       1%          5
l - Statue Form           Tmut/Erth      62%        N/A       1%          6
m - Death Channel         Necr           46%        N/A       1%          6
n - Orb of Destruction    Conj           46%        9d12      2%          7
Your spell library was empty.

Dungeon Overview and Level Annotations

Branches:
Dungeon (15/15)            Temple (1/1) D:4            Lair (5/5) D:9
  Swamp (4/4) Lair:2        Snake (4/4) Lair:2        Slime (0/5) Lair:5
    Orc (2/2) D:12            Elf (2/3) Orc:2        Vaults (0/5) D:14
 Depths (0/4) D:15         Bailey (visited)           IceCv (visited)
Volcano (visited)

Altars:
Ashenzari
Cheibriados
Dithmenos
Elyvilon
Fedhas
Gozag
Hepliaklqana
Makhleb
Nemelex Xobeh
Okawaru
Qazlal
Ru
Trog
Uskayaw
Wu Jian
Xom
Yredelemnul
The Shining One
Jiyva

Shops:
D:6 *   Orc:2 ((?   Elf:1 *   Snake:3 :*[:   Snake:4 [

Portals:
Trove: D:10 (give +2 gold dragon scales)

Annotations:
D:14 Ehaok's ghost, journeyman DsGl


Innate Abilities, Weirdness & Mutations

You are immune to sickness and miasma.
You are immune to poison.
Your flesh is very heat resistant. (rF++)
You are vulnerable to cold. (rC-)
You float through the air rather than walking.
You learn spells naturally, not from books.
Your magical power is your life essence.
You have superior vitality. (+4 MHP)
Your natural rate of healing is unusually fast.


Message History

The deep elf pyromancer is severely wounded.
The deep elf pyromancer is knocked back by the mystic blast.
The mystic blast hits the deep elf archer!!
The deep elf archer is heavily wounded.
The deep elf archer is knocked back by the mystic blast.
The mystic blast hits the deep elf pyromancer!
You kill the deep elf pyromancer!
Makhleb accepts your kill.
You feel better.
The fire elemental disappears in a puff of smoke!
The mystic blast hits the deep elf knight!!
The deep elf knight is severely wounded.
The deep elf knight is knocked back by the mystic blast.
* * * LOW HITPOINT WARNING * * *
A glowing mist starts to gather...
You are covered in liquid flames!
* * * LOW HITPOINT WARNING * * *
You are no longer on fire.
The deep elf knight points at you and mumbles some strange words.
The shard of ice hits you! You partially resist.
* * * LOW HITPOINT WARNING * * *
The deep elf archer unwields a +0 dagger of venom.
It stops dripping with poison.
The deep elf archer wields a +0 longbow.
The deep elf archer shoots an arrow.
The arrow hits you!
* * * LOW HITPOINT WARNING * * *
You feel much better.
The deep elf knight gestures at you while chanting.
The lance of force hits you!!
* * * LOW HITPOINT WARNING * * *
You are knocked back by the lance of force.
You slam into the rock wall!
* * * LOW HITPOINT WARNING * * *
The deep elf pyromancer closely misses your spectral deep elf pyromancer.
The deep elf knight unwields a +0 long sword.
The deep elf knight wields a +0 shortbow.
The deep elf knight shoots an arrow.
The arrow hits you.
* * * LOW HITPOINT WARNING * * *
The deep elf archer shoots an arrow.
The arrow hits you!
You die...

### ###.###
##+.....+##
#.e..e....#
#....)Z...#
#>..<.).).#
#.e...<.○.#
#.........#
##+....@###
###.### ###


You could see a deep elf archer (repels missiles), a deep elf knight (fast, ally
target), a deep elf pyromancer and a friendly spectral deep elf pyromancer.

Vanquished Creatures
  Nikola (Snake:1)
  Rupert (Orc:2)
  A tentacled monstrosity (Swamp:4)
  5 nagarajas
  The ghost of ThatPearl the Severer, a journeyman MiBe of Trog (Snake:1)
  A frost giant (IceCv)
  Aizul (Swamp:1)
  A ghoul (Swamp:1)
  A deep elf demonologist (Elf:1)
  A deep elf annihilator (Elf:1)
  5 eleionomae
  A dire elephant (Lair:5)
  3 bunyips
  3 fire dragons (Swamp:4)
  Snorg (Lair:5)
  A deep elf death mage (Elf:1)
  The ghost of hndcvy the Blocker, a journeyman MiFi of Okawaru (D:12)
  Josephine (Lair:3)
  13 hydras
  Erolcha (D:11)
  2 ghost crabs (Swamp:4)
  6 salamander tyrants (Snake:4)
  4 boulder beetles
  7 anacondas
  An ogre mage (D:15)
  A catoblepas (D:12)
  4 centaur warriors
  22 naga warriors
  11 dancing weapons
  13 death yaks
  5 alligators
  12 two-headed ogres
  4 naga sharpshooters
  6 shock serpents
  6 deep elf knights
  A hell knight (Volcano)
  9 spriggans
  Urug (D:13)
  A spectral death yak (Lair:5)
  6 spectral anacondas
  5 skeletal warriors (D:13)
  4 goliath frogs
  Amaemon (D:8)
  An anaconda zombie (Snake:2)
  A death drake (Swamp:4)
  A salamander mystic (Snake:3)
  2 spriggan druids
  6 naga ritualists
  14 bog bodies
  7 swamp dragons
  A wizard (D:14)
  4 lindwurms
  8 deep elf archers (Elf:1)
  An orange crystal statue (D:11)
  An obsidian statue (Lair:5)
  4 orc knights
  4 anaconda skeletons (Snake:2)
  13 deep elf zephyrmancers (Elf:1)
  3 necromancers (Lair:5)
  4 mana vipers
  18 deep elf pyromancers
  6 orc sorcerers
  4 manticores
  7 salamanders
  A cyclops (shapeshifter) (D:15)
  3 oklob plants
  3 cyclopes
  13 ugly things
  8 guardian serpents
  A moth of wrath (D:12)
  28 black mambas
  15 elephants (Lair:5)
  An ice statue (IceCv)
  Joseph (D:9)
  2 molten gargoyles (Volcano)
  15 naga magi
  14 cane toads
  A smoke demon (Volcano)
  A torpor snail (Lair:1)
  An orange demon (D:8)
  A gargoyle (D:11)
  2 unseen horrors
  A dire elephant skeleton (Lair:5)
  A kobold demonologist (Bailey)
  9 rime drakes
  5 anaconda simulacra (Snake:2)
  7 komodo dragons
  6 meliai
  8 trolls
  A red devil (Volcano)
  4 bloated husks
  6 tyrant leeches
  9 hornets
  8 polar bears
  2 slime creatures (D:15)
  13 blink frogs
  Grinder (D:6)
  5 dream sheep (Lair:4)
  A jumping spider (D:9)
  2 shadows (D:10)
  A vampire (D:13)
  2 water elementals (Elf:1)
  Eustachio (D:4)
  5 wyverns
  5 redbacks
  2 fire bats (Volcano)
  3 wraiths (Lair:3)
  5 steam dragons
  6 basilisks
  44 yaks
  9 vampire mosquitoes
  21 swamp worms
  5 wargs
  54 nagas
  17 water moccasins
  4 acid dragons
  A hell hound (Volcano)
  12 swamp drakes
  41 orc warriors
  3 sky beasts
  2 ice beasts
  2 black bears
  An elephant zombie (Lair:5)
  4 ogres
  10 wolves
  22 centaurs
  An elephant skeleton (Lair:5)
  A kobold brigand (D:9)
  11 bullfrogs
  2 cane toad simulacra (Lair:5)
  2 scorpions
  5 gnoll sergeants
  6 necrophages
  2 earth elementals (Elf:1)
  5 wights (D:6)
  Dowan (D:4)
  15 killer bees
  4 howler monkeys
  5 electric eels (Bailey)
  8 lava snakes
  14 orc priests
  9 hounds
  4 jellies
  4 gnoll boudas
  5 hell rats (Lair:3)
  4 iguanas
  17 orc wizards
  32 gnolls
  10 adders
  A shadow imp (D:7)
  A white imp (D:5)
  4 ufetubi
  3 worms
  A dart slug (D:2)
  82 orcs
  5 ball pythons
  4 bats
  4 endoplasms
  2 giant cockroaches
  14 goblins
  13 hobgoblins
  7 jackals
  A quokka (D:1)
  4 frilled lizards
  17 kobolds
  7 rats
  15 briar patches
  A butterfly (Lair:3)
1121 creatures vanquished.

Vanquished Creatures (collateral kills)
  A thorn hunter (Swamp:3)
  3 bunyips
  3 hydras
  3 naga warriors (Snake:4)
  An alligator (Swamp:4)
  A shock serpent (Snake:1)
  2 swamp dragons (Swamp:4)
  A spriggan druid (Swamp:2)
  A bog body (Swamp:1)
  A naga ritualist (Snake:4)
  A mana viper (Snake:1)
  2 will-o-the-wisps (Swamp:3)
  A black mamba (Snake:1)
  A spriggan (Swamp:2)
  3 swamp worms
  4 nagas (Snake:4)
  A swamp drake (Swamp:4)
  An orc (Orc:2)
  2 briar patches (Swamp:3)
33 creatures vanquished.

Vanquished Creatures (others)
  A hydra (Swamp:4)
  A swamp dragon (Swamp:4)
  2 deep elf pyromancers
  A spriggan (Swamp:3)
  A fire elemental (Elf:1)
  A naga (Snake:1)
  2 swamp drakes (Swamp:4)
  2 briar patches
  A bush (Lair:5)
  10 foxfires (Swamp:3)
  310 fulminant prisms
  26 fungi
  46 plants
  38 withered plants
442 creatures vanquished.

Grand Total: 1596 creatures vanquished

Notes
Turn   | Place    | Note
-------+----------+-------------------------------------------
     0 | D:1      | javelincjr the Djinni Conjurer began the quest for the Orb.
     0 | D:1      | javelincjr set off with the following spells memorised:
                  | Magic Dart, Searing Ray, Dazzling Flash, Fulminant Prism,
                  | Iskenderun's Mystic Blast.
     0 | D:1      | Reached XP level 1. HP: 15/15 MP: 0/0
   289 | D:1      | Reached XP level 2. HP: 21/22 MP: 0/0
   307 | D:1      | Reached skill level 1 in Fighting
   570 | D:1      | Found a faded altar of an unknown god.
  1035 | D:2      | Reached XP level 3. HP: 25/28 MP: 0/0
  1035 | D:2      | Learned a level 1 spell: Beastly Appendage
  1421 | D:2      | Reached skill level 2 in Fighting
  1924 | D:2      | Reached XP level 4. HP: 26/33 MP: 0/0
  2858 | D:3      | Reached XP level 5. HP: 2/40 MP: 0/0
  2858 | D:3      | Learned a level 2 spell: Poisonous Vapours
  3157 | D:3      | Found a shimmering altar of Xom.
  3426 | D:4      | Reached skill level 3 in Fighting
  3480 | D:4      | Noticed Eustachio
  3492 | D:4      | Killed Eustachio
  3493 | D:4      | Reached skill level 4 in Fighting
  3493 | D:4      | Reached XP level 6. HP: 8/47 MP: 0/0
  3787 | D:4      | Found a staircase to the Ecumenical Temple.
  3797 | Temple   | Entered the Ecumenical Temple
  3814 | Temple   | Became a worshipper of Makhleb the Destroyer
  3853 | D:4      | Reached XP level 7. HP: 48/52 MP: 0/0
  3853 | D:4      | Learned a level 2 spell: Passwall
  3948 | D:4      | Noticed Dowan
  3955 | D:4      | Killed Dowan
  4078 | D:4      | Found an opulent altar of Gozag.
  4225 | D:4      | Found a white marble altar of Elyvilon.
  4347 | D:4      | Found an iron altar of Okawaru.
  4611 | D:4      | Found a basalt altar of Yredelemnul.
  4664 | D:5      | Entered Level 5 of the Dungeon
  4688 | D:5      | Reached skill level 5 in Fighting
  4994 | D:5      | Reached XP level 8. HP: 48/59 MP: 0/0
  5202 | D:5      | Found a hazy altar of Hepliaklqana.
  5226 | D:5      | Reached skill level 5 in Spellcasting
  5637 | D:5      | Reached skill level 1 in Invocations
  5726 | D:5      | Reached skill level 5 in Dodging
  5985 | D:6      | Found Ryuhem's General Store.
  6093 | D:6      | Reached skill level 1 in Armour
  6452 | D:6      | Reached skill level 6 in Fighting
  6510 | D:6      | Found a stormy altar of Qazlal.
  6792 | D:6      | Reached * piety under Makhleb
  6793 | D:6      | Reached XP level 9. HP: 63/67 MP: 0/0
  6793 | D:6      | Learned a level 3 spell: Swiftness
  6947 | D:6      | Noticed Grinder
  6952 | D:6      | Killed Grinder
  7157 | D:6      | Reached skill level 7 in Fighting
  8308 | D:7      | Found a bloodstained altar of Trog.
  8326 | D:7      | Found a transporter.
  8339 | D:7      | Found a transporter.
  8443 | D:7      | Reached XP level 10. HP: 57/76 MP: 0/0
  9145 | D:7      | Reached skill level 8 in Fighting
  9153 | D:7      | Killed an unseen horror
  9153 | D:7      | Reached ** piety under Makhleb
  9392 | D:8      | HP: 1/77 [centaur (4)]
  9394 | D:8      | Noticed an orange demon
  9776 | D:8      | Found a flagged portal.
  9790 | Bailey   | Entered a bailey
 10335 | Bailey   | Noticed an orc sorcerer
 10337 | Bailey   | Noticed a rust devil
 10346 | Bailey   | Killed an orc sorcerer
 10354 | Bailey   | Reached XP level 11. HP: 40/82 MP: 0/0
 10354 | Bailey   | Learned a level 5 spell: Blade Hands
 10572 | Bailey   | Reached skill level 9 in Fighting
 10990 | Bailey   | Found an iron altar of Okawaru.
 11014 | Bailey   | Reached skill level 5 in Armour
 11014 | Bailey   | Reached skill level 5 in Invocations
 11126 | Bailey   | Identified the -1 helmet of Past Mistakes {rC++ Slay+3}
 11214 | D:8      | Noticed Amaemon
 11222 | D:8      | Killed Amaemon
 11222 | D:8      | Reached *** piety under Makhleb
 11847 | D:8      | Found a sacrificial altar of Ru.
 12257 | D:9      | Found a runed translucent door.
 12278 | D:9      | Identified the +2 hat "Lolom" {Will++ Slay+2}
 12282 | D:9      | Found a runed translucent gate.
 12282 | D:9      | Found a runed translucent gate.
 12282 | D:9      | Found a runed translucent gate.
 12282 | D:9      | Found a runed translucent gate.
 12297 | D:9      | Found a runed translucent gate.
 12299 | D:9      | Found a runed translucent gate.
 12299 | D:9      | Noticed a lindwurm
 12299 | D:9      | Noticed a boulder beetle
 12483 | D:9      | Noticed a death yak
 12490 | D:9      | Noticed a death yak
 12491 | D:9      | Noticed a death yak
 12932 | D:9      | Found a staircase to the Lair.
 12971 | D:9      | Noticed Joseph
 12982 | D:9      | Killed Joseph
 13182 | D:9      | Killed a death yak
 13183 | D:9      | Reached skill level 10 in Fighting
 13216 | D:8      | Killed a death yak
 13373 | D:10     | Entered Level 10 of the Dungeon
 13400 | D:10     | Reached **** piety under Makhleb
 13401 | D:10     | Noticed a two-headed ogre
 13407 | D:10     | Killed a two-headed ogre
 13408 | D:10     | Reached XP level 12. HP: 78/91 MP: 0/0
 13701 | D:10     | Found a portal to a secret trove of treasure.
 14481 | D:11     | Noticed a two-headed ogre
 14491 | D:11     | Killed a two-headed ogre
 14491 | D:11     | Reached ***** piety under Makhleb
 14635 | D:11     | Noticed Erolcha
 14636 | D:11     | Noticed a two-headed ogre
 14645 | D:11     | Killed Erolcha
 14645 | D:11     | Killed a two-headed ogre
 14646 | D:11     | Reached skill level 11 in Fighting
 14893 | D:11     | Noticed a two-headed ogre
 14900 | D:11     | Killed a two-headed ogre
 15076 | D:12     | Found a transporter.
 15078 | D:12     | Noticed a catoblepas
 15104 | D:12     | Found a transporter.
 15109 | D:12     | Noticed a seven-headed hydra
 15113 | D:12     | Noticed hndcvy's ghost (journeyman MiFi)
 15117 | D:12     | Killed a seven-headed hydra
 15270 | D:12     | Reached XP level 13. HP: 96/99 MP: 0/0
 15270 | D:12     | Learned a level 5 spell: Alistair's Intoxication
 15305 | D:12     | Found a staircase to the Orcish Mines.
 15741 | Temple   | Acquired a manual of Invocations
 15743 | Temple   | Acquired the +1 helmet of the Black Moon {Int+9 Stlth-}
 15872 | D:9      | Killed a boulder beetle
 16496 | D:12     | Killed a catoblepas
 16499 | D:12     | Killed hndcvy's ghost
 16517 | D:12     | Identified the +1 helmet of Gluttony {Slay+2}
 16584 | Orc:1    | Entered Level 1 of the Orcish Mines
 16649 | Orc:1    | Reached skill level 12 in Fighting
 16932 | Orc:2    | Entered Level 2 of the Orcish Mines
 17055 | Orc:2    | Reached skill level 5 in Stealth
 17267 | Orc:2    | Found a frozen archway.
 17279 | IceCv    | Entered an ice cave
 17303 | IceCv    | Reached ****** piety under Makhleb
 17316 | IceCv    | Reached skill level 10 in Spellcasting
 17423 | IceCv    | Noticed a frost giant
 17450 | IceCv    | Reached XP level 14. HP: 108/108 MP: 0/0
 17456 | IceCv    | Killed a frost giant
 17457 | IceCv    | Reached skill level 10 in Dodging
 18148 | Orc:2    | Noticed Rupert
 18162 | Orc:2    | Killed Rupert
 18163 | Orc:2    | Reached skill level 13 in Fighting
 18329 | Orc:2    | Found Zinuteph's Antique Weapon Emporium.
 18329 | Orc:2    | Found Siugof's Antique Weapon Boutique.
 18333 | Orc:2    | Found Myrog's Book Shop.
 18339 | Orc:2    | Found Qipo's Magic Scroll Shoppe.
 18362 | Orc:2    | Bought a scroll of acquirement for 676 gold pieces
 18363 | Orc:2    | Acquired the amulet "Dudonag" {Reflect Rampage Int+2 SH+5
                  | SInv}
 18377 | Orc:2    | Bought a scroll of fear for 52 gold pieces
 18537 | Orc:2    | Found a staircase to the Elven Halls.
 18723 | D:13     | Noticed Urug
 18733 | D:13     | Killed Urug
 19131 | D:13     | You are sucked into a shaft and drop 1 floor!
 19341 | D:13     | Reached skill level 10 in Invocations
 19551 | D:14     | Acquired 479 gold pieces
 19630 | D:14     | Reached XP level 15. HP: 106/115 MP: 0/0
 19630 | D:14     | Learned a level 6 spell: Statue Form
 19680 | D:14     | Found a gate to the Vaults.
 19758 | D:14     | Found a stormy altar of Qazlal.
 19784 | D:14     | Found a transporter.
 19800 | D:14     | Noticed Ehaok's ghost (journeyman DsGl)
 19801 | D:14     | Found a transporter.
 19802 | D:14     | Identified the +1 great mace of Joyful Slaughter {flame,
                  | Contam rElec Dex+2}
 19802 | D:14     | Noticed a fire giant
 20450 | D:15     | Entered Level 15 of the Dungeon
 20696 | D:15     | Acquired a manual of Spellcasting
 20844 | D:15     | Reached skill level 14 in Fighting
 20849 | D:15     | Reached skill level 1 in Shields
 20872 | D:15     | Reached skill level 1 in Staves
 21063 | D:15     | Found a staircase to the Depths.
 21629 | Lair:1   | Entered Level 1 of the Lair of Beasts
 21892 | Lair:1   | Found an iron altar of Okawaru.
 22514 | Lair:2   | Found a staircase to the Swamp.
 22700 | Lair:2   | Reached XP level 16. HP: 124/124 MP: 0/0
 22972 | Lair:2   | Found a staircase to the Snake Pit.
 23248 | Lair:3   | Identified the amulet "Jawauri" {RegenMP Fly Str-4 Stlth+}
 23581 | Lair:3   | Found a dark tunnel.
 23589 | Volcano  | Entered a volcano
 23836 | Volcano  | Found a burning altar of Makhleb.
 24123 | Lair:3   | Noticed Josephine
 24128 | Lair:3   | Killed Josephine
 24348 | Lair:4   | Gained mutation: Your natural rate of healing is unusually
                  | fast. [potion of mutation]
 24592 | Lair:4   | Found a transporter.
 24652 | Lair:4   | Found a transporter.
 24748 | Lair:4   | Identified the +2 helmet of Dice, Bag, and Bottle {Harm
                  | rElec Str+2}
 25177 | Lair:5   | Entered Level 5 of the Lair of Beasts
 25654 | Lair:5   | Reached skill level 15 in Fighting
 25784 | Lair:5   | Noticed Snorg
 25930 | Lair:5   | Killed Snorg
 26018 | Lair:5   | Found a viscous altar of Jiyva.
 26023 | Lair:5   | Found a staircase to the Slime Pits.
 26912 | Swamp:1  | Entered Level 1 of the Swamp
 26954 | Swamp:1  | Reached XP level 17. HP: 131/131 MP: 0/0
 26954 | Swamp:1  | Learned a level 6 spell: Death Channel
 27268 | Swamp:1  | Noticed Aizul
 27279 | Swamp:1  | Killed Aizul
 27592 | Swamp:2  | Reached skill level 5 in Shields
 28333 | Swamp:3  | Reached skill level 5 in Staves
 28334 | Swamp:3  | Noticed a thorn hunter
 28354 | Swamp:3  | Killed a thorn hunter
 28429 | Swamp:3  | Identified the +3 rapier "Kies Ten" {vamp, rCorr}
 28840 | Swamp:4  | Entered Level 4 of the Swamp
 28862 | Swamp:4  | Reached skill level 16 in Fighting
 28867 | Swamp:4  | Reached XP level 18. HP: 119/139 MP: 0/0
 28961 | Swamp:4  | Noticed a tentacled monstrosity
 29110 | Swamp:4  | Got a decaying rune of Zot
 29139 | Swamp:4  | Killed a tentacled monstrosity
 29568 | Swamp:4  | Acquired a manual of Armour
 29730 | Snake:1  | Entered Level 1 of the Snake Pit
 29908 | Snake:1  | Noticed Nikola
 29939 | Snake:1  | Killed Nikola
 30132 | Snake:1  | Found a runed translucent door.
 30132 | Snake:1  | Found a shimmering altar of Xom.
 30132 | Snake:1  | Noticed ThatPearl's ghost (journeyman MiBe)
 30132 | Snake:1  | Found the +6 arbalest "Damnation" {damnation}
 30162 | Snake:1  | Killed ThatPearl's ghost
 30628 | Snake:2  | Reached skill level 15 in Spellcasting
 30766 | Snake:2  | Reached skill level 1 in Ranged Weapons
 31432 | Snake:2  | Identified the +6 halberd "Qialayk" {freeze, rPois}
 32082 | Snake:3  | Reached XP level 19. HP: 147/147 MP: 0/0
 32082 | Snake:3  | Learned a level 7 spell: Orb of Destruction
 32342 | Snake:3  | Found Pitur's Tremendous Tomes.
 32388 | Snake:3  | Found Keniah's Antique Armour Emporium.
 32388 | Snake:3  | Found Budigoasm's Assorted Antiques.
 32396 | Snake:3  | Bought an ichor-stained helmet for 304 gold pieces
 32396 | Snake:3  | Identified the +0 helmet of Inevitability {rCorr Str-5
                  | Stlth+} (You bought it in a shop on level 3 of the Snake
                  | Pit)
 32721 | Snake:3  | Reached skill level 17 in Fighting
 32788 | Snake:3  | Found Dasaly's Vocational Training.
 32897 | Snake:4  | Entered Level 4 of the Snake Pit
 32897 | Snake:4  | Found Sulo's Antique Armour Emporium.
 32958 | Snake:4  | Bought a pair of encrusted gloves for 285 gold pieces
 32958 | Snake:4  | Identified the +1 pair of gloves of Courage {Will++} (You
                  | bought it in a shop on level 4 of the Snake Pit)
 33665 | Snake:4  | Got a serpentine rune of Zot
 34038 | Elf:1    | Entered Level 1 of the Elven Halls
 34081 | Elf:1    | Reached skill level 10 in Stealth
 34168 | Elf:1    | Reached XP level 20. HP: 125/155 MP: 0/0
 34171 | Elf:1    | Reached skill level 5 in Ranged Weapons
 34281 | Elf:1    | Found Ewnozy's Assorted Antiques.
 34967 | Elf:2    | HP: 4/157 [deep elf knight/arrow (5)]
 34967 | Elf:2    | Shot with an arrow by a deep elf archer

Illustrated notes

Levels and vault maps discovered:
D:1:      minmay_arrival_checkered_box, layout_basic,
          shapermc_ecumenical_altar_flowoftime
D:2:      minmay_diamond_boxcup, layout_basic, hangedman_glass_teeth,
          amethyst_killhole
D:3:      layout_basic, zin_treasury, mainiacjoe_overflow_big_doors
D:4:      layout_gridville, kennysheep_ying_yang, kennysheep_mini_moat,
          lemuel_doored_altar, temple_doors_e, serial_park_tiny_pond,
          hangedman_abyss_or_decor_slice, uniq_duvessa, uniq_eustachio
D:5:      layout_loops_cross, mainiacjoe_overflow_catwalk,
          dreamdust_princess_corridor, st_stairs_11
D:6:      layout_layer_cave, mainiacjoe_overflow_24_doors, serial_shops, shop,
          nicolae_water_bricks, minmay_misc_feat_nine_boxes, uniq_grinder
D:7:      layout_loops_cross, gammafunk_temple_overflow_arena
D:8:      layout_loops_cross, amcnicky_altar_gilded, enter_bailey_3,
          uniq_amaemon
D:9:      gammafunk_indiana_jones, layout_small_grid, dpeg_lair_monsters,
          uniq_joseph
D:10:     layout_cave_pools, serial_gnoll_camp, gnoll_camp_mini_sergeant,
          gnoll_camp_huts_basic, gnoll_camp_mini_doghouse,
          gnoll_camp_mini_house, gnoll_camp_mini_house,
          nicolae_trove_entry_isolated
D:11:     layout_cave_pods, minivault_16, uniq_erolcha
D:12:     layout_roguey, david_orc_2, gammafunk_ghost_berserking_beasts,
          lemuel_flamethrower_1
D:13:     layout_long_grid, drop_trap, dreamdust_princess_bridge, uniq_urug
D:14:     layout_loops_corners, erik_vaults_1, gammafunk_ghost_smash,
          nicolae_qazlal_style_of_elements
D:15:     hangedman_depths_entry_try_elsewhere_first, layout_small_grid
Temple:   minmay_freezing_vapour_temple
Lair:1:   layout_loops_ring, basic_altar, grunt_megastairs_5
Lair:2:   layout_chaotic_city, palyth_hydra_swamp_entry,
          guppyfry_snake_entry_garden, minivault_25
Lair:3:   layout_long_grid, basic_altar, enter_volcano_2, beast_lair_carwin_8,
          infiniplex_staircase_pool_2, serial_bayou_shore_a,
          serial_bayou_shore_b, lemuel_fruit_fields, uniq_josephine
Lair:4:   gammafunk_worm_tunnel, layout_hall_layers
Lair:5:   due_jungle_book, layout_regular_city, dpeg_slime_entry_corner,
          minmay_lair_oklob_items, grunt_megastairs_2, serial_bayou_shore_b,
          uniq_snorg
Swamp:1:  layout_falls_marsh, evilmike_swamp_ruin_rubble_1,
          hangedman_swamp_ravenous, uniq_aizul
Swamp:2:  layout_basic_swamp, evilmike_swamp_ruin_house_3, swamp_pool5,
          nicolae_swamp_treefoil
Swamp:3:  layout_basic_swamp, evilmike_swamp_ruin_house_4
Swamp:4:  swamp_fiery, layout_basic_swamp, swamp_pool3,
          nicolae_swamp_orc_logging_accident, infiniplex_staircase_pool
Snake:1:  layout_basic, ebering_ghost_xom, uniq_nikola
Snake:2:  dpeg_oklob_gauntlet, layout_layer_cave, drop_trap,
          nicolae_snake_dead_anacondas, serial_bayou_shore_b, grunt_megastairs_4
Snake:3:  layout_basic, nicolae_shop_i_like_big_books, nicolae_shop_vocational,
          minmay_shoptagon
Snake:4:  minmay_snake_end_coiled, layout_rooms, serial_shops, shop
Orc:1:    layout_caves
Orc:2:    st_orc_rangers, layout_caves, portal_ice_cave_rime, uniq_rupert
Elf:1:    nicolae_elf_arrival_no_cutting_in_line, layout_loops_ring,
          basic_altar, minivault_28, drop_trap, minmay_shop_star
Elf:2:    nicolae_elf_blades_splatter_lattice [infiniplex_blade_entry_pillars],
          layout_geoelf_diagonals

Skill      XL: |  1  2  3  4  5  6  7  8  9 10 11 12 13 14 15 16 17 18 19 20 |
---------------+-------------------------------------------------------------+-----
Fighting       | 1 2 4 5 6 7 8 10 11 12 13 14 15 16 17 | 17.7
Dodging        | 3 4 5 6 7 8 9 10 11 12 13 14 | 14.0
Spellcasting   | 4 5 6 7 8 9 10 12 13 14 15 16 | 16.0
Invocations    | 2 3 4 6 8 10 11 12 13 14 | 14.9
Armour         | 2 3 4 6 7 8 9 |  9.1
Stealth        | 2 4 5 6 7 8 9 10 | 10.2
Shields        | 2 4 5 6 7 |  7.4
Staves         | 2 4 5 6 |  6.0
Ranged Weapons | 2 4 5 |  5.7

Action                   |  1- 3 |  4- 6 |  7- 9 | 10-12 | 13-15 | 16-18 | 19-21 || total
-------------------------+-------+-------+-------+-------+-------+-------+-------++-------
Melee: Unarmed           |    27 |       |       |       |       |       |       ||    27
       Short sword       |       |    11 |    10 |    13 |       |       |       ||    34
       Punch             |       |       |       |     1 |       |       |       ||     1
       Staff             |       |       |       |     1 |    26 |    21 |       ||    48
 Fire: Arbalest          |       |       |       |       |       |    61 |   227 ||   288
 Cast: Magic Dart        |    59 |    44 |   136 |   147 |    76 |   200 |     1 ||   663
       Searing Ray       |     1 |    11 |    18 |     6 |     1 |     3 |       ||    40
       Poisonous Vapours |       |     3 |    12 |    29 |   206 |   112 |     3 ||   365
       Fulminant Prism   |       |       |    11 |    86 |   107 |   104 |     3 ||   311
       Iskenderun's Myst |       |       |    17 |   161 |   259 |   406 |   113 ||   956
       Dazzling Flash    |       |       |       |     3 |       |       |       ||     3
       Alistair's Intoxi |       |       |       |       |    18 |       |       ||    18
       Beastly Appendage |       |       |       |       |     2 |       |       ||     2
       Statue Form       |       |       |       |       |     1 |     1 |       ||     2
       Swiftness         |       |       |       |       |     1 |       |       ||     1
       Death Channel     |       |       |       |       |       |     6 |     2 ||     8
       Orb of Destructio |       |       |       |       |       |       |    40 ||    40
Invok: Minor Destruction |       |       |       |     1 |    31 |    86 |     5 ||   123
       Lesser Servant of |       |       |       |       |     1 |       |       ||     1
       Greater Servant o |       |       |       |       |       |     1 |     1 ||     2
       Major Destruction |       |       |       |       |       |     1 |       ||     1
  Use: Scroll            |       |     3 |     2 |     7 |    18 |    11 |     2 ||    43
       Potion            |       |       |       |     2 |       |     1 |     5 ||     8
 Stab: Sleeping          |       |       |       |       |     1 |       |       ||     1
Armor: Robe              |     2 |    14 |     4 |       |       |       |       ||    20
       Leather armour    |       |       |    22 |    31 |     8 |       |       ||    61
       Troll leather arm |       |       |       |       |    41 |    63 |    31 ||   135
       Skin              |       |       |       |       |     2 |       |       ||     2
Dodge: Dodged            |     3 |    21 |    32 |    71 |   142 |   137 |    86 ||   492
Block: Buckler           |       |       |       |     1 |    85 |    16 |       ||   102
       Reflection        |       |       |       |       |    18 |    17 |    12 ||    47
       Tower shield      |       |       |       |       |       |   158 |       ||   158
       Other             |       |       |       |       |       |    13 |    29 ||    42
